 Dungeon Crawl Stone Soup version 0.29.1 (webtiles) character file.

Game seed: 8971743758961271849

400 raistware the Conjurer (level 6, -17/36 HPs)
             Began as an Octopode Conjurer on Sept 12, 2022.
             Demolished by an ogre
             ... wielding a +0 giant club
              (36 damage)
             ... on level 5 of the Dungeon.
             The game lasted 00:11:32 (5361 turns).

raistware the Conjurer (Octopode Conjurer)          Turns: 5361, Time: 00:11:32

Health: -17/36     AC:  3    Str:  6    XL:     6   Next: 84%
Magic:  4/13       EV: 13    Int: 22    God:
Gold:   208        SH:  0    Dex: 11    Spells: 9/14 levels left

rFire   . . .      SeeInvis .   e - staff of air
rCold   . . .      Faith    .   (no shield)
rNeg    . . .      Spirit   .   d - +2 hat
rPois   .          Reflect  .   (no amulet)
rElec   +          Harm     .   (no ring)
rCorr   .          Rampage  .   (no ring)
Will    .....                   (no ring)
Stlth   +++.......              (no ring)
HPRegen 0.12/turn               (no ring)
MPRegen 0.13/turn               (no ring)
                                (no ring)
                                (no ring)

@: about to teleport
A: almost no armour, amphibious, 8 rings, camouflage 1, gelatinous body 1,
(nimble swimmer 1), tentacles
a: no special abilities


You were on level 5 of the Dungeon.
You visited 2 branches of the dungeon, and saw 6 of its levels.

You collected 208 gold pieces.

Inventory:

Hand Weapons
 p - a +3 quarterstaff of chaos
Missiles
 b - 5 poisoned darts
 k - 2 curare-tipped darts
Armour
 d - a +2 hat (worn)
Magical Staves
 e - a staff of air (weapon)
Jewellery
 r - a ring of ice
Scrolls
 c - 3 scrolls of teleportation
 g - a scroll of enchant weapon {unknown}
 h - 2 scrolls of noise {unknown}
 i - a scroll of fear {unknown}
 j - 3 scrolls of identify {unknown}
 l - a scroll of acquirement {unknown}
 n - a scroll of blinking {unknown}
 o - a scroll of vulnerability {unknown}
 q - a scroll of enchant armour {unknown}
 s - a scroll of immolation {unknown}
 t - a scroll of amnesia {unknown}
Potions
 a - a potion of magic
 f - 3 potions of brilliance
 m - 2 potions of curing {unknown}
 u - a potion of heal wounds {unknown}
 v - a potion of haste {unknown}
 w - a potion of resistance
 x - a potion of lignification {unknown}
 z - a potion of degeneration {unknown}


   Skills:
 - Level 2.0 Dodging
 - Level 2.6 Stealth
 + Level 4.9 Spellcasting
 + Level 5.1 Conjurations
 - Level 2.0 Translocations
 - Level 2.0 Air Magic
 - Level 0.1 Evocations


You had 9 spell levels left.
You knew the following spells:

 Your Spells              Type           Power      Damage    Failure   Level
a - Magic Dart            Conj           100%       1d8       1%          1
b - Iskenderun's Mystic   Conj/Tloc      21%        2d6       24%         4

Your spell library contained the following spells:

 Spells                   Type           Power      Damage    Failure   Level
 Searing Ray              Conj           56%        2d6       1%          2
 Blink                    Tloc           28%        N/A       7%          2
 Dazzling Flash           Conj/Hex       32%        N/A       11%         3
 Stone Arrow              Conj/Erth      32%        3d9       11%         3
 Gell's Gravitas          Tloc           14%        N/A       14%         3
 Lesser Beckoning         Tloc           14%        N/A       14%         3
 Swiftness                Air            21%        N/A       14%         3
 Teleport Other           Tloc           14%        N/A       14%         3
 Ensorcelled Hibernation  Hex/Ice        10%        N/A       16%         2
 Passwall                 Tmut/Erth      4%         N/A       16%         2
 Portal Projectile        Hex/Tloc       18%        N/A       21%         3
 Tukima's Dance           Hex            5%         N/A       30%         3
 Fulminant Prism          Conj/Hex       8%         3d7       34%         4
 Manifold Assault         Tloc           14%        N/A       77%         5
 Blade Hands              Tmut           2%         N/A       96%         5
 Storm Form               Tmut/Air       7%         N/A       100%        7
 Lehudib's Crystal Spear  Conj/Erth      8%         10d3      100%        8
 Animate Armour           Summ/Erth      Unusable   N/A       N/A         4

Dungeon Overview and Level Annotations

Branches:
Dungeon (5/15)             Temple (1/1) D:4

Altars:
Ashenzari
Elyvilon
Hepliaklqana
Makhleb
Nemelex Xobeh
Okawaru
Qazlal
Ru
Sif Muna
Trog
Uskayaw
Wu Jian
Xom
Yredelemnul
Zin

Shops:
D:2 (   D:4 [

Annotations:
D:4 Dowan, Duvessa
D:5 Edmund, Eustachio


Innate Abilities, Weirdness & Mutations

You cannot wear most types of armour.
You are amphibious.
You can wear up to eight rings at the same time.
Your skin changes colour to match your surroundings (Stealth+).
Your rubbery body absorbs attacks. (AC +1, EV +1)
((You are camouflaged when in or above water. (Stealth+)))
You have tentacles for arms and can constrict up to eight enemies at once.


Message History

The hound barely misses you.
Casting: Iskenderun's Mystic Blast (extremely dangerous; 24% risk of failure)
Confirm with . or Enter, or press ? or * to list all spells.
The spell is extremely dangerous to miscast (24% risk of failure)!
Continue anyway?
You erupt in a blast of force!
The mystic blast hits the ogre.
The ogre is moderately wounded.
The mystic blast hits the hound but does no damage.
The hound is severely wounded.
The hound closely misses you. The hound attacks as you move away!
The hound closely misses you. The hound bites you but does no damage.
The hound closely misses you. The hound attacks as you move away!
The hound barely misses you. The hound attacks as you move away!
The hound barely misses you.
A shadow imp comes into view.
The hound barely misses you.
The shadow imp shouts!
The hound misses you.
You aren't carrying any items that you can evoke.
As you read the scroll of teleportation, it crumbles to dust.
You feel strangely unstable. The hound bites you.
Edmund the Younger comes into view.
He is wielding a +2 flail of protection.
Unknown command.
The hound attacks as you move away! The hound bites you.
The shadow imp barely misses you. The hound bites you.
An orc comes into view. It is wielding a +0 dagger.
The shadow imp hits you. The hound attacks as you move away!
The hound bites you.
Edmund clears his throat.
The hound barely misses you.
An orc comes into view.
It is wielding a +0 club and wearing the +1 leather armour "Coliadya" {*Slow Fly Will++}.
Your surroundings suddenly seem different.
An ogre and a hound come into view.
As you read the scroll of teleportation, it crumbles to dust.
You feel strangely unstable.
Eustachio the Magnificent comes into view.
He is wielding a +0 rapier.
The ogre attacks as you move away!
The ogre hits you with a +0 giant club!!!
Ouch! That really hurt!
You die...

.#......o###....
###..###)).......##
#..<............
##.@....##....[..
##O5..#.##........
.o=h...## #.....#
######.# #.h...## #
#.'. #......####.#
#
#.#...#....@.......
#
#######...O...h##..
........##@...#
..##...## .#.# #
#### ..# .# #


You could see Eustachio (wandering), an ogre, a howler monkey and a hound
(wandering).

Vanquished Creatures
  A hound (D:5)
  Crazy Yiuf (D:3)
  An orc priest (D:5)
  Terence (D:3)
  Natasha (thrice) (D:2)
  An iguana (D:4)
  Robin (D:2)
  7 adders
  2 ufetubi (D:4)
  3 worms
  3 dart slugs
  8 orcs
  6 ball pythons
  8 endoplasms
  2 giant cockroaches (D:2)
  9 goblins
  9 hobgoblins
  3 jackals (D:4)
  2 quokkas
  6 bats
  8 frilled lizards
  4 kobolds
  2 rats (D:3)
91 creatures vanquished.

Vanquished Creatures (others)
  A plant (D:1)
1 creature vanquished.

Grand Total: 92 creatures vanquished

Notes
Turn   | Place    | Note
-------+----------+-------------------------------------------
     0 | D:1      | raistware the Octopode Conjurer began the quest for the
                  | Orb.
     0 | D:1      | Reached XP level 1. HP: 11/11 MP: 3/3
   164 | D:1      | Found a faded altar of an unknown god.
   204 | D:1      | Reached XP level 2. HP: 17/17 MP: 1/5
  1226 | D:1      | Reached XP level 3. HP: 21/21 MP: 5/7
  1428 | D:2      | Reached skill level 1 in Translocations
  1596 | D:2      | Reached XP level 4. HP: 27/27 MP: 6/9
  1767 | D:2      | Found Innaps's Weapon Emporium.
  1773 | D:2      | Learned a level 4 spell: Iskenderun's Mystic Blast
  1804 | D:2      | Noticed Natasha
  1814 | D:2      | Killed Natasha
  2010 | D:2      | Noticed Robin
  2018 | D:2      | Killed Robin
  2134 | D:2      | Noticed Natasha
  2139 | D:2      | Killed Natasha
  2140 | D:2      | Reached XP level 5. HP: 31/31 MP: 6/11
  2379 | D:2      | Noticed Natasha
  2390 | D:2      | Killed Natasha
  2391 | D:2      | Reached skill level 1 in Air Magic
  2586 | D:3      | Found a white marble altar of Elyvilon.
  2875 | D:3      | Noticed Terence
  2898 | D:3      | Killed Terence
  3079 | D:3      | Found a runed translucent door.
  3080 | D:3      | Noticed Crazy Yiuf
  3091 | D:3      | Killed Crazy Yiuf
  3092 | D:3      | Reached XP level 6. HP: 19/36 MP: 3/12
  3893 | D:4      | Found Plog's Antique Armour Emporium.
  3962 | D:4      | Found a staircase to the Ecumenical Temple.
  3977 | Temple   | Entered the Ecumenical Temple
  4340 | D:4      | Noticed Duvessa
  4341 | D:4      | Noticed Dowan
  5287 | D:5      | Entered Level 5 of the Dungeon
  5305 | D:5      | Reached skill level 5 in Conjurations
  5355 | D:5      | Noticed Edmund
  5359 | D:5      | Identified the +1 leather armour "Coliadya" {*Slow Fly
                  | Will++}
  5360 | D:5      | Noticed Eustachio
  5361 | D:5      | Demolished by an ogre

Illustrated notes

Levels and vault maps discovered:
D:1:      dpeg_arrival_refuge, layout_loops_ring,
          chequers_ecumenical_altar_island, minmay_lizard_king
D:2:      layout_rooms, serial_shops, shop, corexii_corridor_pit, uniq_robin,
          uniq_natasha
D:3:      layout_loops_cross, amcnicky_altar_gilded, minmay_misc_feat_x,
          uniq_terence, uniq_crazy_yiuf_cottage
D:4:      minmay_spotlight, layout_loops_ring, minmay_temple_entry_slanted,
          serial_shops, shop, kennysheep_generic_room_7, uniq_duvessa
D:5:      layout_rooms, grunt_dithmenos_shadows, gup_sewer_entry_spiral,
          chequers_jeans, uniq_eustachio, uniq_pikel, uniq_edmund
Temple:   minmay_temple_curvy_branch

Skill      XL: |  1  2  3  4  5  6 |
---------------+-------------------+-----
Spellcasting   | 3 4 |  4.9
Translocations | 1 2 |  2.0
Air Magic      | 1 2 |  2.0
Conjurations   | 5 |  5.1
Dodging        | |  2.0
Stealth        | |  2.6
Evocations     | |  0.1

Action                   |  1- 3 |  4- 6 || total
-------------------------+-------+-------++-------
Melee: Unarmed           |    15 |       ||    15
       Tentacles         |     7 |    14 ||    21
       Constrict         |     6 |     9 ||    15
       Staff             |     6 |    44 ||    50
       Punch             |     1 |     1 ||     2
Throw: Dart              |       |     4 ||     4
 Cast: Magic Dart        |    51 |   130 ||   181
       Iskenderun's Myst |       |     9 ||     9
  Use: Potion            |       |     1 ||     1
       Scroll            |       |     3 ||     3
 Stab: Sleeping          |       |     1 ||     1
Armor: Skin              |     5 |    20 ||    25
Dodge: Dodged            |    16 |    89 ||   105
